 Dungeon Crawl Stone Soup version 0.29.1-2-gbd0b4ee654 (webtiles) character file.

Game seed: 363874500195758978

996 boyan the Spear-Bearer (level 8, -5/56 HPs)
             Began as a Merfolk Gladiator on Nov 20, 2022.
             Was a Believer of the Shining One.
             Slain by an orc warrior
             ... wielding a +0 scimitar
              (8 damage)
             ... on level 6 of the Dungeon.
             The game lasted 00:10:57 (4919 turns).

boyan the Spear-Bearer (Merfolk Gladiator)          Turns: 4919, Time: 00:10:58

Health: -5/56      AC: 10    Str: 17    XL:     8   Next: 19%
Magic:  8/8        EV: 10    Int:  7    God:    the Shining One [**....]
Gold:   309        SH:  7    Dex: 15    Spells: 7/7 levels left

rFire   . . .      SeeInvis .   a - +0 trident
rCold   . . .      Faith    .   A - +0 kite shield
rNeg    + . .      Spirit   .   q - +0 chain mail
rPois   .          Reflect  .   c - +0 helmet
rElec   .          Harm     .   (no cloak)
rCorr   .          Rampage  .   k - +0 pair of gloves
Will    .....                   (no boots)
Stlth   ..........              (no amulet)
HPRegen 0.18/turn               u - +4 ring of evasion
MPRegen 0.11/turn               (no ring)

@: glowing
A: (nimble swimmer 2), mertail
a: Renounce Religion, Divine Shield


You were on level 6 of the Dungeon.
You worshipped the Shining One.
The Shining One was pleased with you.
You visited 2 branches of the dungeon, and saw 7 of its levels.
You also visited: Ossuary.

You collected 309 gold pieces.

Inventory:

Hand Weapons
 a - a +0 trident (weapon)
Missiles
 d - 3 throwing nets
 e - a javelin
 i - 5 boomerangs
 j - 68 stones (quivered)
 M - 4 silver javelins
Armour
 b - a +0 leather armour
 c - a +0 helmet (worn)
 g - a +0 scale mail
 k - a +0 pair of gloves (worn)
 q - a +0 chain mail (worn)
 A - a +0 kite shield (worn)
Jewellery
 u - a +4 ring of evasion (left hand)
 y - a ring of poison resistance
 L - a ring of flight
Wands
 x - a wand of flame (18)
Scrolls
 l - a scroll of amnesia {unknown}
 n - 5 scrolls of identify {unknown}
 p - 6 scrolls of teleportation {unknown}
 r - a scroll of magic mapping {unknown}
 s - 2 scrolls of immolation {unknown}
 t - a scroll of silence {unknown}
 v - 3 scrolls of blinking {unknown}
 C - 2 scrolls of noise {unknown}
 D - a scroll of vulnerability {unknown}
 H - a scroll of enchant armour {unknown}
 I - a scroll of brand weapon {unknown}
 J - 2 scrolls of butterflies {unknown}
 K - a scroll of summoning {unknown}
Potions
 f - 2 potions of haste {unknown}
 h - a potion of ambrosia {unknown}
 m - a potion of magic {unknown}
 o - 7 potions of brilliance {unknown}
 w - 2 potions of heal wounds {unknown}
 z - a potion of curing {unknown}
 B - a potion of berserk rage {unknown}
 E - 2 potions of lignification {unknown}
 F - a potion of resistance {unknown}
 G - a potion of attraction {unknown}


   Skills:
 - Level 2.1 Fighting
 + Level 12.5 Polearms
 - Level 2.0 Throwing
 - Level 4.0 Dodging


You had 7 spell levels left.
You didn't know any spells.
Your spell library contained the following spells:

 Spells                   Type           Power      Damage    Failure   Level
 Summon Small Mammal      Summ           0%         N/A       100%        1
 Sublimation of Blood     Necr           0%         N/A       100%        2
 Wereblood                Tmut           0%         N/A       100%        2
 Call Canine Familiar     Summ           0%         N/A       100%        3
 Portal Projectile        Hex/Tloc       0%         N/A       100%        3
 Stone Arrow              Conj/Erth      0%         3d7       100%        3
 Summon Guardian Golem    Hex/Summ       0%         N/A       100%        3
 Tukima's Dance           Hex            0%         N/A       100%        3
 Animate Armour           Summ/Erth      0%         N/A       100%        4
 Blade Hands              Tmut           0%         N/A       100%        5
 Summon Hydra             Summ           0%         N/A       100%        7
 Lehudib's Crystal Spear  Conj/Erth      0%         10d2      100%        8


Dungeon Overview and Level Annotations

Branches:
Dungeon (6/15)             Temple (1/1) D:4         Ossuary (visited)

Altars:
Ashenzari
Fedhas
Gozag
Hepliaklqana
Nemelex Xobeh
Okawaru
Qazlal
Ru
Sif Muna
Trog
Wu Jian
Xom
Yredelemnul
The Shining One


Innate Abilities, Weirdness & Mutations

((You are very nimble when in or above water. (Stealth+, EV+, Speed+++)))
Your lower body shifts to a powerful aquatic tail in water.


Message History

The orc warrior is moderately wounded.
You hit the orc warrior but do no damage.
The orc warrior is moderately wounded.
The orc warrior hits you with a +0 scimitar!
You are too injured to fight recklessly!
You are too injured to fight recklessly!
You are too injured to fight recklessly!
You are too injured to fight recklessly!
You puncture the orc!
You kill the orc!
You hit the orc warrior but do no damage.
The orc warrior is moderately wounded.
You block the orc warrior's attack.
You barely miss the orc warrior.
The orc warrior is moderately wounded.
You block the orc warrior's attack.
You hit the orc warrior.
The orc warrior is heavily wounded.
You hear a shout!
A gnoll comes into view. It is wielding a +0 club.
You block the orc warrior's attack.
You hit the orc warrior but do no damage.
The orc warrior is heavily wounded.
The orc warrior hits you with a +0 scimitar!
You hit the orc warrior.
The orc warrior is heavily wounded.
You block the orc warrior's attack.
You hit the orc warrior but do no damage.
The orc warrior is heavily wounded.
The orc warrior closely misses you.
You hit the orc warrior.
The orc warrior is severely wounded.
You hit the orc warrior but do no damage.
The orc warrior is severely wounded.
The orc warrior hits you with a +0 scimitar!
* * * LOW HITPOINT WARNING * * *
You hit the orc warrior but do no damage.
The orc warrior is severely wounded.
The orc warrior hits you with a +0 scimitar!
You die...

##.. ....
#... #.. #..
#.###
#.).#####
####)....# .
#.@og....#..
#.##........
#.##.....#..
#<##).>..# .
#.##.##.##
#<##.##.#
#>......#
####.####
...#


You could see an orc warrior and a gnoll.

Vanquished Creatures
  Grinder (D:3)
  A wyvern (D:5)
  3 scorpions (D:4)
  A killer bee (D:5)
  2 hounds (D:5)
  An iguana (D:5)
  11 mummies (Ossuary)
  5 adders
  4 gnolls (D:2)
  An ufetubus (D:4)
  2 worms
  3 dart slugs
  5 orcs
  6 endoplasms
  3 giant cockroaches
  9 goblins
  7 hobgoblins
  4 quokkas
  5 ball pythons
  4 bats
  3 frilled lizards
  3 gnoll skeletons (Ossuary)
  2 goblin skeletons (Ossuary)
  4 kobolds
  3 kobold skeletons (Ossuary)
  2 quokka zombies (D:5)
  7 rats
  11 rat skeletons (Ossuary)
113 creatures vanquished.

Vanquished Creatures (others)
  2 fungi (D:3)
2 creatures vanquished.

Grand Total: 115 creatures vanquished

Notes
Turn   | Place    | Note
-------+----------+-------------------------------------------
     0 | D:1      | boyan the Merfolk Gladiator began the quest for the Orb.
     0 | D:1      | Reached XP level 1. HP: 16/16 MP: 1/1
   210 | D:1      | Reached XP level 2. HP: 22/22 MP: 2/2
   409 | D:1      | Reached skill level 5 in Polearms
   581 | D:1      | Found a faded altar of an unknown god.
  1098 | D:2      | Reached XP level 3. HP: 27/27 MP: 3/3
  1226 | D:2      | Reached skill level 6 in Polearms
  1230 | D:2      | Reached XP level 4. HP: 23/33 MP: 4/4
  1681 | D:3      | Reached skill level 7 in Polearms
  1816 | D:3      | Noticed Grinder
  1822 | D:3      | Paralysed by Grinder for 3 turns
  1842 | D:3      | Killed Grinder
  1843 | D:3      | Reached skill level 9 in Polearms
  1843 | D:3      | Reached XP level 5. HP: 14/38 MP: 5/5
  1843 | D:3      | Reached XP level 6. HP: 17/44 MP: 6/6
  2044 | D:3      | Found a broken altar of Ashenzari.
  2069 | D:3      | Found a shimmering blue altar of Sif Muna.
  2135 | D:3      | Found a large runed translucent door.
  2136 | D:3      | Found a large runed translucent door.
  2554 | D:3      | Found an opulent altar of Gozag.
  2557 | D:3      | Found a bloodstained altar of Trog.
  2649 | D:4      | Found a staircase to the Ecumenical Temple.
  2655 | Temple   | Entered the Ecumenical Temple
  2813 | Temple   | Became a worshipper of the Shining One
  2933 | D:4      | Found a stormy altar of Qazlal.
  3000 | D:4      | Reached skill level 10 in Polearms
  3000 | D:4      | Reached XP level 7. HP: 27/50 MP: 7/7
  3612 | D:5      | Entered Level 5 of the Dungeon
  3882 | D:5      | Found a sand-covered staircase.
  3894 | Ossuary  | Entered an ossuary
  3929 | Ossuary  | Reached skill level 11 in Polearms
  3998 | Ossuary  | Reached * piety under the Shining One
  4102 | Ossuary  | Reached ** piety under the Shining One
  4427 | D:5      | Found a hazy altar of Hepliaklqana.
  4447 | D:5      | Noticed a wyvern
  4463 | D:5      | Killed a wyvern
  4464 | D:5      | Reached skill level 12 in Polearms
  4464 | D:5      | Reached XP level 8. HP: 38/56 MP: 8/8
  4919 | D:6      | Slain by an orc warrior

Illustrated notes

Levels and vault maps discovered:
D:1:      minmay_arrival_doors, layout_basic,
          shapermc_ecumenical_altar_hornbeckon, nrook_loot_triangle,
          serial_bayou_pond_e
D:2:      layout_rooms, nicolae_underground_beach
D:3:      layout_basic, jmf_multi_god_temple2, ashenzari_altar_1,
          mainiacjoe_overflow_cross_hatched, minmay_fountain_box, uniq_grinder,
          uniq_crazy_yiuf_cottage
D:4:      layout_basic, nicolae_qazlal_general_emergency, temple_green,
          minmay_crossroads
D:5:      kennysheep_big_flooded_room, layout_loops_cross,
          mainiacjoe_overflow_six_doors_small, serial_glass, glass_columns_a,
          glass_columns_b, feat_on_display, enter_ossuary_4
D:6:      layout_loops_cross, lemuel_round_altar,
          nicolae_overflow_hidden_temple, hangedman_decor_growths
Temple:   hellmonk_temple_flake

Skill      XL: |  1  2  3  4  5  6  7 |
---------------+----------------------+-----
Polearms       | 5 6 9 10 12 | 12.5
Fighting       | |  2.1
Throwing       | |  2.0
Dodging        | |  4.0

Action                   |  1- 3 |  4- 6 |  7- 9 || total
-------------------------+-------+-------+-------++-------
Melee: Trident           |    73 |   114 |   198 ||   385
       Punch             |       |     1 |       ||     1
       Tailslap          |       |       |     3 ||     3
Throw: Boomerang         |     1 |     7 |       ||     8
       Javelin           |       |     1 |       ||     1
       Stone             |       |    13 |     3 ||    16
Armor: Scale mail        |     9 |       |       ||     9
       Chain mail        |    11 |    25 |    25 ||    61
Dodge: Dodged            |    18 |    32 |    42 ||    92
Block: Kite shield       |       |       |    33 ||    33
